 Dungeon Crawl Stone Soup version 0.28-a0-305-g9e858e973b (webtiles) character file.

Game seed: 14778998417922335400

2448 timneilson the Shield-Bearer (level 9, 0/82 HPs)
             Began as a Gargoyle Fighter on Aug 30, 2021.
             Slain by an orc (3 damage)
             ... in a bailey.
             The game lasted 00:12:13 (6723 turns).

timneilson the Shield-Bearer (Gargoyle Fighter)     Turns: 6723, Time: 00:12:14

Health: 0/82       AC: 28    Str: 23    XL:     9   Next: 49%
Magic:  9/9        EV:  2    Int:  9    God:
Gold:   343        SH:  9    Dex:  9    Spells: 8/8 levels left

rFire   + . .      SeeInvis .   s - +0 scimitar
rCold   + . .      Faith    .   c - +0 kite shield
rNeg    + + +      Spirit   .   (armour currently unavailable)
rPois   ∞          Reflect  .   (helmet currently unavailable)
rElec   +          Harm     .   (cloak currently unavailable)
rCorr   +          Rampage  .   (gloves currently unavailable)
Will    .....      NoTele   +   (boots currently unavailable)
Stlth   +.........              (no amulet)
HPRegen 0.23/turn               g - +4 ring of protection
MPRegen 0.11/turn               l - ring of positive energy

@: tree-form, resistant, attractive
A: stationary, stasis, torment immunity, boosted hp, sickness immunity, AC +6,
negative energy resistance 1, (electricity resistance), torment resistance 1,
petrification resistance, inability to read while threatened
a: no special abilities


You were in a bailey.
You were a tree.
You visited 2 branches of the dungeon, and saw 8 of its levels.
You also visited: Sewer and Bailey.

You collected 343 gold pieces.

Inventory:

Hand Weapons
 a - a +1 long sword of flaming
 s - a +0 scimitar (weapon)
Armour
 c - a +0 kite shield (worn)
 d - a +0 helmet (melded)
 e - a +0 pair of boots (melded)
 f - a +2 pair of gloves (melded)
 i - a +0 chain mail (melded)
Jewellery
 g - a +4 ring of protection (left branch)
 l - a ring of positive energy (right branch)
 r - a +4 ring of protection
 t - a ring of positive energy
Wands
 m - a wand of flame (40)
Scrolls
 h - a scroll of enchant weapon
Potions
 j - 3 potions of cancellation
 n - a potion of haste
 q - 2 potions of lignification


   Skills:
 + Level 5.8 Fighting
 * Level 6.0 Long Blades
 * Level 7.6 Armour
 * Level 7.8 Shields
 + Level 3.2 Evocations


You had 8 spell levels left.
You didn't know any spells.
Your spell library contained the following spells:

 Spells                   Type           Power      Damage    Failure   Level
 Animate Skeleton         Necr           0%         N/A       71%         1
 Apportation              Tloc           0%         N/A       71%         1
 Beastly Appendage        Tmut           0%         N/A       71%         1
 Corona                   Hex            0%         N/A       71%         1
 Pain                     Necr           0%         1d4       71%         1
 Summon Small Mammal      Summ           0%         N/A       71%         1
 Slow                     Hex            0%         N/A       83%         2
 Wereblood                Tmut           0%         N/A       83%         2
 Call Canine Familiar     Summ           0%         N/A       97%         3
 Confusing Touch          Hex            0%         N/A       97%         3
 Portal Projectile        Hex/Tloc       0%         N/A       97%         3
 Spider Form              Tmut/Pois      0%         N/A       97%         3
 Tukima's Dance           Hex            0%         N/A       97%         3
 Vampiric Draining        Necr           0%         2d6       97%         3
 Leda's Liquefaction      Hex/Erth       0%         N/A       100%        4
 Passage of Golubria      Tloc           N/A        N/A       100%        4
 Yara's Violent Unravell  Hex/Tmut       0%         3d3       100%        5


Dungeon Overview and Level Annotations

Branches:
Dungeon (7/15)             Temple (1/1) D:4           Sewer (visited)
 Bailey (1/1)

Altars:
Ashenzari
Cheibriados
Elyvilon
Fedhas
Gozag
Hepliaklqana
Kikubaaqudgha
Makhleb
Qazlal
Ru
Sif Muna
Trog
Uskayaw
Vehumet
Wu Jian
Xom
Yredelemnul
Zin
The Shining One

Shops:
D:6 *

Annotations:
D:4 3 runed translucent doors, SkeletonJelly's ghost, amateur DrCK


Innate Abilities, Weirdness & Mutations

You are a tree.
Your roots penetrate the ground, keeping you stationary.
You cannot be teleported.
You are immune to unholy pain and torment.
Your maximum health is greatly increased.
Your equipment is partially melded.
You are immune to sickness and miasma.
((Your stone body is resilient. (AC +6)))
You are immune to poison.
You resist negative energy. (rN+)
((You are resistant to electric shocks. (rElec)))
You are resistant to unholy torment.
You are immune to petrification.
You sometimes lose the ability to read scrolls when taking damage.


Message History

The orc barely misses you. You block the orc's attack.
The orc hits you but does no damage.
You barely miss the orc. You block the orc's attack.
The orc closely misses you. The orc hits you but does no damage.
The orc hits you with a +0 spear.
You feel threatened and lose the ability to read scrolls!
* * * LOW HITPOINT WARNING * * *
The orc hits you but does no damage.
You closely miss the orc. The orc hits you but does no damage.
You block the orc's attack. The orc hits you but does no damage. x4
Unknown command.
You closely miss the orc.
You can read scrolls again.
The orc hits you but does no damage. x4; The orc hits you with a +0 spear.
* * * LOW HITPOINT WARNING * * *
Unknown command.
You barely miss the orc. You block the orc's attack. x2
The orc hits you but does no damage. The orc hits you with a +0 spear.
* * * LOW HITPOINT WARNING * * *
Unknown command.
It was a potion of attraction.
You feel attractive to monsters. You block the orc's attack.
The orc hits you but does no damage. x2
You block the orc's attack.
Really quaff the potion of lignification?
You turn into a tree.
Your +0 helmet melds into your body.
Your +2 pair of gloves melds into your body.
Your +0 pair of boots melds into your body.
Your +0 chain mail melds into your body.
Your roots penetrate the ground.
You block the orc's attack. The orc hits you but does no damage. x3
You hit the orc but do no damage. You block the orc's attack. x2
The orc hits you but does no damage. x2; You block the orc's attack.
You barely miss the orc. The orc hits you but does no damage.
You block the orc's attack. The orc hits you but does no damage.
You block the orc's attack. The orc hits you but does no damage. x2
You barely miss the orc. The orc hits you with a +0 spear.
* * * LOW HITPOINT WARNING * * *
The orc hits you with a +0 hand axe.
You die...

###+###
##.....##
#.......#
#..oo...#
#.).♣o..#
#.))o...#
#.).....#
#.......#
#.......#
#.......#
#∩.....∩#
#.......#
##..∩..##


You could see 4 orcs.

Vanquished Creatures
  Joseph (D:7)
  Eustachio (D:5)
  A steam dragon (D:4)
  2 water moccasins
  Purgy (Sewer)
  A centaur (D:4)
  3 ogres
  A phantom (D:5)
  A bullfrog (D:6)
  Blork the orc (D:6)
  3 scorpions
  3 wights (D:6)
  2 orc priests (D:6)
  2 jellies
  A bullfrog skeleton (D:5)
  A hound (D:5)
  4 iguanas
  Ijyb (D:3)
  A centaur skeleton (D:6)
  A hound skeleton (D:4)
  12 gnolls
  9 adders
  A white imp (D:6)
  2 adder skeletons
  3 worms (D:4)
  3 dart slugs
  26 orcs
  7 ball pythons
  4 endoplasms
  5 goblins
  14 hobgoblins
  5 jackals
  3 quokkas
  5 bats
  A frilled lizard (D:2)
  14 kobolds
  2 rats
148 creatures vanquished.

Vanquished Creatures (others)
  10 plants (D:3)
10 creatures vanquished.

Grand Total: 158 creatures vanquished

Notes
Turn   | Place    | Note
-------+----------+-------------------------------------------
     0 | D:1      | timneilson the Gargoyle Fighter began the quest for the
                  | Orb.
     0 | D:1      | Reached XP level 1. HP: 14/14 MP: 1/1
   952 | D:2      | Reached XP level 2. HP: 17/19 MP: 2/2
  1029 | D:2      | Reached XP level 3. HP: 22/23 MP: 3/3
  2093 | D:3      | Reached XP level 4. HP: 28/28 MP: 4/4
  2568 | D:3      | Reached XP level 5. HP: 32/33 MP: 5/5
  2733 | D:3      | Found a broken altar of Ashenzari.
  2826 | D:3      | Found an ancient bone altar of Kikubaaqudgha.
  2978 | D:3      | Noticed Ijyb
  2992 | D:3      | Killed Ijyb
  3203 | D:3      | Found an opulent altar of Gozag.
  3289 | D:4      | Noticed an ogre
  3306 | D:4      | Reached XP level 6. HP: 38/38 MP: 6/6
  3322 | D:4      | Reached skill level 5 in Shields
  3327 | D:4      | Reached skill level 5 in Armour
  3362 | D:4      | Noticed a +0 short sword
  3362 | D:4      | Noticed a +0 falchion
  3362 | D:4      | Noticed a +0 dagger
  3365 | D:4      | Noticed a +0 spear
  3365 | D:4      | Noticed a +0 dagger
  3366 | D:4      | Noticed a +0 short sword
  3366 | D:4      | Noticed a +0 spear
  3367 | D:4      | Found a hide-covered altar of Uskayaw.
  3367 | D:4      | Noticed a +0 falchion
  3372 | D:4      | Noticed a steam dragon
  3379 | D:4      | Killed a steam dragon
  3380 | D:4      | Reached skill level 1 in Evocations
  3380 | D:4      | Reached XP level 7. HP: 8/44 MP: 7/7
  3427 | D:4      | HP: 2/44 [ogre (11)]
  3455 | D:4      | Found a staircase to the Ecumenical Temple.
  3464 | Temple   | Entered the Ecumenical Temple
  3554 | D:4      | Found a runed translucent gate.
  3554 | D:4      | Found a runed translucent gate.
  3554 | D:4      | Found a runed translucent gate.
  3555 | D:4      | Found an opulent altar of Gozag.
  3556 | D:4      | Noticed SkeletonJelly's ghost (amateur DrCK)
  3563 | D:4      | Identified the +10 rapier of Inference {protect, +Rage rC-
                  | rN++ Will+}
  3648 | D:4      | Found a glowing drain.
  3681 | Sewer    | Entered a sewer
  3790 | Sewer    | Noticed Purgy
  3804 | Sewer    | Killed Purgy
  4156 | D:5      | Entered Level 5 of the Dungeon
  4215 | D:5      | Reached XP level 8. HP: 41/48 MP: 8/8
  4577 | D:5      | Noticed Eustachio
  4607 | D:5      | Killed Eustachio
  4608 | D:5      | Reached skill level 5 in Fighting
  4839 | D:5      | Reached skill level 5 in Long Blades
  5754 | D:6      | HP: 2/49 [wight (8)]
  5758 | D:6      | Reached XP level 9. HP: 11/54 MP: 9/9
  6313 | D:6      | Found Bampasm's Overcharged Wands.
  6395 | D:6      | Noticed Blork the orc
  6404 | D:6      | Killed Blork the orc
  6572 | D:7      | Noticed Joseph
  6572 | D:7      | Found a flagged portal.
  6589 | D:7      | Killed Joseph
  6614 | Bailey   | Entered a bailey
  6692 | Bailey   | Gained mutation: You sometimes lose the ability to read
                  | scrolls when taking damage. [potion of mutation]
  6694 | Bailey   | HP: 2/55 [orc (1)]
  6718 | Bailey   | HP: 2/55 [orc (1)]
  6723 | Bailey   | HP: 3/82 [orc (2)]
  6723 | Bailey   | Slain by an orc

Illustrated notes

Levels and vault maps discovered:
D:1:      minmay_arrival_floating_metal, layout_basic
D:2:      layout_basic, st_stairs_10, kennysheep_potato
D:3:      cheibrodos_old_hovel, layout_loops_ring, old_standard_altar,
          lemuel_coloured_pillars_altar, general_overflow_altar, uniq_ijyb
D:4:      layout_rooms, nicolae_uskayaw_en_pointe, lemuel_temple_firewalk_b,
          ebering_ghost_gozag, cheibrodos_sewer_entry_bend
D:5:      layout_cave_pods, hex_tiny, uniq_eustachio
D:6:      corexii_shantytown, layout_basic, nicolae_shop_overcharged_wands,
          uniq_blork_the_orc
D:7:      layout_basic, enter_bailey_2, uniq_maggie, uniq_joseph
Temple:   minmay_freezing_vapour_temple
Bailey:   bailey_polearm_5, bailey

Skill      XL: |  1  2  3  4  5  6  7  8  9 |
---------------+----------------------------+-----
Long Blades    | 2 3 4 5 6 |  6.0
Shields        | 4 5 6 7 |  7.8
Armour         | 4 5 6 7 |  7.6
Fighting       | 4 5 |  5.8
Evocations     | 1 2 3 |  3.2

Action                   |  1- 3 |  4- 6 |  7- 9 || total
-------------------------+-------+-------+-------++-------
Melee: Long sword        |    90 |   107 |   320 ||   517
       Scimitar          |       |       |    55 ||    55
  Use: Scroll            |     3 |     3 |     9 ||    15
       Potion            |       |     2 |     9 ||    11
Armor: Scale mail        |    62 |    66 |       ||   128
       Chain mail        |       |     5 |   457 ||   462
       Skin              |       |       |     9 ||     9
Dodge: Dodged            |    38 |    38 |   200 ||   276
Block: Kite shield       |    45 |    38 |   298 ||   381

Table legend: (Time is in decaauts)
 A = Elapsed time spent in this place.
 B = Non-inter-level travel time spent in this place.
 C = Inter-level travel time spent in this place.
 D = Time resting spent in this place.
 E = Time spent auto-exploring this place.
 F = Levels seen in this place.
 G = Mean time per level.
                   A        B        C        D        E       F      G
               +--------+--------+--------+--------+--------+-----+--------+
         Total |   6947 |   6852 |     95 |    105 |   5049 |  10 |  694.7 |
       Dungeon |   6645 |   6550 |     95 |     44 |   4963 |   7 |  949.3 |
        Temple |      1 |      1 |      0 |      0 |      0 |   1 |    1.0 |
         Sewer |    185 |    185 |      0 |      0 |     86 |   1 |  185.0 |
        Bailey |    114 |    114 |      0 |     61 |      0 |   1 |  114.0 |
               +--------+--------+--------+--------+--------+-----+--------+

Top non-repeatable levels by time:
     D:3: 1468 daAuts
     D:6: 1290 daAuts
     D:5: 1202 daAuts
     D:2: 1157 daAuts
     D:1: 789 daAuts
     D:4: 703 daAuts
   Sewer: 185 daAuts
  Bailey: 114 daAuts
     D:7: 32 daAuts
  Temple: 1 daAuts
